 Dungeon Crawl Stone Soup version 0.28-a0-1567-g1695149f81 (webtiles) character file.

Game seed: 7301269447927179757

699 southernslant the Conjurer (level 7, -7/52 (57) HPs)
             Began as a Black Draconian Conjurer on Jan 20, 2022.
             Mangled by a wight (11 damage)
             ... on level 5 of the Dungeon.
             The game lasted 00:16:00 (6088 turns).

southernslant the Conjurer (DrCj)                   Turns: 6088, Time: 00:16:01

HP:   -7/52 (57)    AC: 11    Str: 10 (12) XL:     7   Next: 38%
MP:   12/12         EV: 12    Int: 15 (18) God:
Gold: 190           SH:  0    Dex:  8 (9)  Spells: 8/13 levels left

rFire   + . .      SeeInvis .   b - +0 spear
rCold   + . .      Faith    .   (no shield)
rNeg    . . .      Spirit   .   (armour unavailable)
rPois   +          Reflect  .   (helmet restricted)
rElec   +          Harm     .   (no cloak)
rCorr   +          Rampage  .   (no gloves)
Will    +....                   g - +0 pair of boots
Stlth   ++........              (no amulet)
HPRegen 0.17/turn               h - ring of willpower
MPRegen 0.13/turn               k - +4 ring of protection

@: resistant, hasted, drained, very quick
A: breathe lightning, AC +6, unfitting armour, electricity resistance,
cold-blooded
a: Breathe Lightning


You were on level 5 of the Dungeon.
You visited 1 branch of the dungeon, and saw 6 of its levels.

You collected 190 gold pieces.

Inventory:

Hand Weapons
 b - a +0 spear (weapon)
 m - a +2 dagger of freezing
Missiles
 c - 145 stones
 r - 4 boomerangs (quivered)
 x - 5 poisoned darts
Armour
 g - a +0 pair of boots (worn)
Magical Staves
 y - a staff of earth
Jewellery
 h - a ring of willpower (left hand)
 k - a +4 ring of protection (right hand)
 s - a ring of poison resistance
Wands
 t - a wand of iceblast (10)
Scrolls
 a - 4 scrolls of teleportation {unknown}
 d - 2 scrolls of silence {unknown}
 e - a scroll of magic mapping {unknown}
 l - a scroll of fog {unknown}
 n - a scroll of noise {unknown}
 o - 3 scrolls of identify {unknown}
 q - a scroll of blinking {unknown}
 v - a scroll of vulnerability {unknown}
Potions
 f - a potion of cancellation
 i - a potion of resistance
 j - a potion of magic
 u - a potion of curing {unknown}
 w - a potion of degeneration
 z - a potion of brilliance {unknown}


   Skills:
 * Level 3.4 Fighting
 * Level 3.1 Polearms
 + Level 2.0 Throwing
 * Level 3.0 Dodging
 - Level 2.8 Stealth
 * Level 3.8 Spellcasting
 + Level 4.7 Conjurations
 + Level 0.6 Air Magic
 * Level 1.0 Evocations


You had 8 spell levels left.
You knew the following spells:

 Your Spells              Type           Power      Damage    Failure   Level
a - Magic Dart            Conj           68%        1d6       2%          1
b - Searing Ray           Conj           34%        2d5       4%          2
c - Slow                  Hex            8%         N/A       19%         1
d - Foxfire               Conj/Fire      40%        2x1d6     7%          1

Your spell library contained the following spells:

 Spells                   Type           Power      Damage    Failure   Level
 Conjure Flame            Conj/Fire      10%        6-21      21%         3
 Dazzling Flash           Conj/Hex       20%        N/A       21%         3
 Ensorcelled Hibernation  Hex/Ice        4%         N/A       28%         2
 Confusing Touch          Hex            2%         N/A       50%         3
 Inner Flame              Hex/Fire       2%         N/A       50%         3
 Spider Form              Tmut/Pois      2%         N/A       50%         3
 Vampiric Draining        Necr           2%         2d6       50%         3
 Flame Wave               Conj/Fire      10%        2d5       56%         4
 Fulminant Prism          Conj/Hex       5%         3d7       56%         4
 Iskenderun's Mystic Bla  Conj/Tloc      10%        2d4       56%         4
 Anguish                  Hex/Necr       1%         N/A       88%         4
 Borgnjor's Revivificati  Necr           1%         N/A       100%        8
 Necromutation            Tmut/Necr      1%         N/A       100%        8
 Death's Door             Necr           1%         N/A       100%        9


Dungeon Overview and Level Annotations

Branches:
Dungeon (6/15)
 Temple: D:4-7

Altars:
Xom
The Shining One


Innate Abilities, Weirdness & Mutations

You can breathe wild blasts of lightning.
Your glossy black scales are hard. (AC +6)
You cannot fit into any form of body armour.
You are resistant to electric shocks. (rElec)
You are cold-blooded and may be slowed by cold attacks.


Message History

Press: ? - help, Shift-Dir - straight line, f - wight
Aim: a wight, wielding a +0 great sword and wearing a +0 robe (100% to hit)
Okay, then.
Casting: Magic Dart (safe; 2% risk of failure)
Confirm with . or Enter, or press ? or * to list all spells.
You conjure some foxfire!
The wight hits you with a +0 great sword!
You feel drained.
You hit the wight but do no damage.
Your tail-slap misses the wight.
The foxfire hits the wight.
The wight is moderately damaged.
The foxfire hits the wight but does no damage.
The wight is moderately damaged.
The wight misses you.
Casting: Foxfire (safe; 5% risk of failure)
Confirm with . or Enter, or press ? or * to list all spells.
Aiming: Magic Dart (safe; 2% risk of failure)
Press: ? - help, Shift-Dir - straight line, f - wight
Aim: a wight, wielding a +0 great sword and wearing a +0 robe (moderately damaged, 100% to hit)
The magic dart hits the wight.
The wight is heavily damaged.
The wight hits you with a +0 great sword.
* * * LOW HITPOINT WARNING * * *
It was a potion of cancellation.
You feel magically purged.
The wight hits you with a +0 great sword.
* * * LOW HITPOINT WARNING * * *
It was a potion of degeneration.
There was something very wrong with that liquid.
You feel weakened.
You feel dopey.
You feel clumsy. The wight barely misses you.
It was a potion of resistance.
You feel protected.
The wight hits you with a +0 great sword.
* * * LOW HITPOINT WARNING * * *
It was a potion of magic.
Magic courses through your body.
The wight hits you with a +0 great sword.
* * * LOW HITPOINT WARNING * * *
It was a potion of haste.
You feel yourself speed up.
The wight hits you with a +0 great sword!
You die...

.......# #....#
#.### .......#
#...(##### #...#
.......#
#.#......#####.#
.......#
#.#..###.......#
.......#
#.##.###########
.......#
#.#..........#
.......#
#.#.#.######.#
########
#...#†.#####.#
#####z@......#
##########


You could see a wight.

Vanquished Creatures
  4 ogres
  A gnoll shaman (D:5)
  A bullfrog skeleton (D:4)
  2 orc wizards
  A killer bee zombie (D:5)
  A hound skeleton (D:4)
  5 gnolls (D:5)
  A howler monkey skeleton (D:5)
  8 adders
  An ufetubus (D:4)
  4 worms (D:2)
  2 dart slugs
  6 orcs
  3 ball pythons
  3 endoplasms
  4 giant cockroaches
  4 goblins
  11 hobgoblins
  3 jackals (D:4)
  2 quokkas
  7 bats
  2 frilled lizards
  3 kobolds
  A quokka skeleton (D:2)
  2 rats
82 creatures vanquished.

Vanquished Creatures (others)
  2 foxfires (D:5)
2 creatures vanquished.

Grand Total: 84 creatures vanquished

Notes
Turn   | Place    | Note
-------+----------+-------------------------------------------
     0 | D:1      | southernslant the Draconian Conjurer began the quest for
                  | the Orb.
     0 | D:1      | Reached XP level 1. HP: 14/14 MP: 3/3
   151 | D:1      | You fall into a shaft and drop 1 floor!
   166 | D:2      | Reached XP level 2. HP: 15/22 MP: 1/5
   405 | D:2      | Reached skill level 1 in Fighting
   983 | D:2      | Reached XP level 3. HP: 12/28 MP: 1/6
  1232 | D:2      | Reached skill level 1 in Polearms
  1549 | D:2      | Learned a level 2 spell: Searing Ray
  1802 | D:2      | Found a glowing golden altar of the Shining One.
  2018 | D:2      | Reached XP level 4. HP: 34/35 MP: 2/7
  2026 | D:2      | Reached skill level 1 in Throwing
  2609 | D:3      | Identified the +0 ring mail of the Watchman {rF+ rCorr
                  | Dex+7}
  2958 | D:3      | Learned a level 1 spell: Slow
  3141 | D:4      | Found a shimmering altar of Xom.
  3220 | D:4      | Noticed an ogre
  3235 | D:4      | Killed an ogre
  3236 | D:4      | Reached XP level 5. HP: 16/41 MP: 2/9
  3549 | D:4      | Noticed an ogre
  3566 | D:4      | Killed an ogre
  3567 | D:4      | Reached XP level 6. HP: 8/50 MP: 2/10
  4793 | D:5      | Entered Level 5 of the Dungeon
  5068 | D:5      | Your scales start taking on a glossy black colour.
  5068 | D:5      | Reached XP level 7. HP: 39/57 MP: 4/12
  5068 | D:5      | Gained mutation: You are resistant to electric shocks.
                  | (rElec) [Black Draconian growth]
  5443 | D:5      | Reached skill level 1 in Evocations
  5660 | D:5      | Learned a level 1 spell: Foxfire
  5685 | D:6      | Noticed a gargoyle
  5686 | D:6      | Noticed a steam dragon
  6088 | D:5      | Mangled by a wight

Illustrated notes

Levels and vault maps discovered:
D:1:      pf_arrival_petrified_forest, layout_rooms, roderic_lattice_a
D:2:      layout_basic, basic_altar, minmay_nonomino_d4
D:3:      layout_rooms, hangedman_feature_mirror
D:4:      layout_layer_cave, lemuel_crystal_altar, st_stairs_7
D:5:      layout_basic
D:6:      layout_rooms, lemuel_temple_firewalk_b, uniq_eustachio

Skill      XL: |  1  2  3  4  5  6  7 |
---------------+----------------------+-----
Fighting       | 1 2 3 |  3.4
Dodging        | 2 3 |  3.0
Stealth        | 2 |  2.8
Polearms       | 1 2 3 |  3.1
Throwing       | 1 2 |  2.0
Spellcasting   | 3 |  3.8
Evocations     | 1 |  1.0
Conjurations   | |  4.7
Air Magic      | |  0.6

Action                   |  1- 3 |  4- 6 |  7- 9 || total
-------------------------+-------+-------+-------++-------
Melee: Spear             |    89 |   156 |    38 ||   283
       Unarmed           |     4 |       |       ||     4
       Tailslap          |    10 |    15 |     6 ||    31
       Punch             |     1 |     1 |       ||     2
Throw: Stone             |     3 |     2 |       ||     5
       Boomerang         |       |     3 |     9 ||    12
 Cast: Magic Dart        |    27 |    15 |    13 ||    55
       Searing Ray       |     4 |     5 |     3 ||    12
       Slow              |       |     3 |     1 ||     4
       Foxfire           |       |       |     1 ||     1
  Use: Potion            |       |       |     5 ||     5
 Stab: Sleeping          |     4 |     3 |       ||     7
       Distracted        |       |     1 |       ||     1
Armor: Skin              |    31 |    56 |    23 ||   110
Dodge: Dodged            |    68 |    89 |    33 ||   190

Table legend: (Time is in decaauts)
 A = Elapsed time spent in this place.
 B = Non-inter-level travel time spent in this place.
 C = Inter-level travel time spent in this place.
 D = Time resting spent in this place.
 E = Time spent auto-exploring this place.
 F = Levels seen in this place.
 G = Mean time per level.
                   A        B        C        D        E       F      G
               +--------+--------+--------+--------+--------+-----+--------+
         Total |   6098 |   6016 |     82 |      0 |   5190 |   6 | 1016.3 |
       Dungeon |   6098 |   6016 |     82 |      0 |   5190 |   6 | 1016.3 |
               +--------+--------+--------+--------+--------+-----+--------+

Top non-repeatable levels by time:
     D:2: 1757 daAuts
     D:4: 1714 daAuts
     D:5: 1279 daAuts
     D:1: 681 daAuts
     D:3: 646 daAuts
     D:6: 18 daAuts
